Map: Undercurrent LE

Players

Bryce

  • Race: Zerg Zerg
  • Spawn Location: 7:00

Trevor

  • Race: Protoss Protoss
  • Spawn Location: 7:00

Artac - Winner!

  • Race: Zerg Zerg
  • League: Platinum
  • Spawn Location: 1:00

darelo - Winner!

  • Race: Protoss Protoss
  • League: Gold
  • Spawn Location: 3:00

VOD

Have the link to the VOD?

Description

Time

  • Played on: July 28, 2026, 10:11 p.m.
  • Length: 20:01
Show
View Real Time Build Order
Export as new Build Order

Bryce Zerg 

Build Orders: Pool First 

Get SALT Encoding   

  8  0:00  Drone  
  9  0:11  Drone  
  10  0:16  Drone  
  11  0:22  Drone  
  12  0:32  Extractor  
  12  0:33  Drone  
  13  0:40  Overlord  
  13  0:58  Drone x2  
  13  1:01  Drone  
  16  1:10  Spawning Pool  
  15  1:14  Drone  
  16  1:21  Drone  
  17  1:31  Drone  
  18  1:40  Overlord  
  18  1:58  Extractor  
  17  2:01  Queen  
  17  2:02  Zergling x2  
  17  2:03  Zergling x2  
  21  2:10  Zergling x2  
  22  2:18  Hatchery  
  21  2:24  Drone  
  22  2:43  Drone x2  
  24  3:04  Metabolic Boost  
  24  3:09  Overlord  
  24  3:16  Drone  
  24  3:18  Drone  
  24  3:19  Zergling x4  
  28  3:36  Queen  
  30  3:42  Drone x5  
  30  3:44  Lair  
  35  3:51  Overlord  
  35  3:52  Drone  
  35  3:53  Drone x2  
  38  4:01  Zergling x2  
  39  4:18  Drone, Overlord  
  39  4:19  Overlord  
  39  4:20  Drone  
  41  4:29  Drone  
  42  4:33  Extractor  
  42  4:35  Extractor, Drone  
  42  4:36  Drone, Extractor  
  40  5:03  Spire  
  40  5:07  Spore Crawler  
  38  5:09  Spore Crawler  
  38  5:12  Spore Crawler  
  35  5:14  Spore Crawler  
  32  5:28  Drone x3  
  34  5:30  Drone  
  34  5:31  Drone x2  
  34  5:32  Drone  
  34  5:33  Drone x4  
  42  5:51  Drone  
  42  5:52  Drone  
  44  6:09  Overlord x2  
  44  6:16  Mutalisk x4, Hatchery  
  51  6:19  Mutalisk  
  54  6:25  Drone x2  
  54  6:26  Drone  
  54  6:30  Zergling x2  
  54  6:31  Zergling x12  
  63  6:46  Zergling x4  
  65  7:06  Mutalisk x3  
  71  7:15  Overlord x2  
  71  7:22  Infestation Pit  
  68  8:09  Evolution Chamber  
  68  8:11  Evolution Chamber, Hive  
  66  8:17  Queen  
  68  8:22  Drone x10  
  68  8:23  Drone x5  
  74  8:37  Zergling x6  
  71  8:57  Zergling x2  
  71  8:58  Zergling x18  
  78  9:12  Spine Crawler  
  78  9:14  Spine Crawler  
  78  9:16  Spine Crawler  
  75  9:18  Spine Crawler  
  75  9:19  Spore Crawler  
  75  9:20  Spore Crawler  
  72  9:30  Drone x11  
  73  9:44  Zergling x20  
  73  9:57  Spine Crawler  
  73  9:58  Spine Crawler  
  73  9:59  Spine Crawler  
  58  10:09  Hydralisk Den  
  57  10:16  Spore Crawler  
  57  10:17  Extractor, Queen  
  57  10:19  Queen  
  57  10:21  Queen  
  60  10:38  Drone  
  60  10:39  Drone x8  
  69  10:51  Grooved Spines  
  69  10:54  Zerg Missile Weapons Level 1  
  69  10:55  Zerg Ground Armor Level 1, Hydralisk  
  69  10:56  Hydralisk x2  
  71  11:08  Hydralisk  
  71  11:09  Hydralisk x3  
  73  11:22  Hydralisk  
  73  11:23  Hydralisk x4  
  83  11:29  Hydralisk  
  83  11:30  Hydralisk x3  
  91  11:33  Overlord  
  91  11:34  Overlord  
  91  11:41  Muscular Augments  
  91  11:43  Overlord x2  
  91  11:51  Hydralisk x7  
  104  12:26  Drone x3  
  104  12:29  Extractor  
  106  12:31  Hydralisk  
  106  12:32  Hydralisk x7  
  106  12:35  Overlord  
  106  12:36  Overlord x5  
  122  12:54  Overlord x2  
  122  12:58  Hydralisk  
  122  12:59  Hydralisk x3  
  122  13:04  Zerg Missile Weapons Level 2  
  122  13:05  Zerg Ground Armor Level 2  
  130  13:10  Hydralisk x5  
  130  13:11  Hydralisk  
  142  13:19  Overlord  
  142  13:20  Overlord x2  
  142  13:22  Pneumatized Carapace  
  142  13:26  Hydralisk x4  
  150  13:34  Hydralisk x5  
  160  13:46  Hydralisk  
  160  13:47  Hydralisk x5  
  172  13:49  Unknown  
  172  13:52  Hydralisk x2  
  172  13:53  Hydralisk x3  
  158  14:15  Hydralisk  
  158  14:16  Hydralisk x11  
  148  14:25  Hydralisk x4  
  134  14:48  Hydralisk  
  134  14:49  Hydralisk x5  
  134  14:50  Hydralisk x3  
  100  15:09  Hydralisk  
  100  15:10  Hydralisk x4  
  98  15:42  Hydralisk x3  
  98  15:43  Hydralisk x4  
  112  15:57  Hatchery  
  111  15:58  Extractor x2  
  57  16:54  Hydralisk  
  57  16:55  Hydralisk x15  
  89  17:37  Hatchery  
  88  18:35  Hatchery  
  55  18:53  Hydralisk  
  55  18:54  Hydralisk x9  
  75  18:59  Zergling x2  
  75  19:00  Zergling x14  
  74  19:27  Hydralisk  
  74  19:28  Hydralisk  
  68  19:38  Zergling x4  
  54  19:39  Zergling x10  
Show
View Real Time Build Order
Export as new Build Order

Trevor Protoss 

Build Orders:  

Get SALT Encoding   

  8  0:00  Probe  
  9  0:13  Probe (Chrono Boost)  
  11  0:22  Probe (Chrono Boost)  
  11  0:27  Probe (Chrono Boost)  
  12  0:35  Pylon  
  12  0:39  Probe  
  13  0:53  Probe (Chrono Boost)  
  14  0:58  Gateway  
  14  1:06  Probe (Chrono Boost)  
  15  1:14  Probe (Chrono Boost), Assimilator  
  16  1:20  Probe  
  17  1:32  Probe  
  18  1:44  Probe  
  19  1:47  Cybernetics Core  
  19  1:56  Probe  
  19  1:57  Assimilator  
  20  2:12  Probe  
  21  2:16  Pylon  
  21  2:18  Warp Gate (Chrono Boost)  
  21  2:34  Probe  
  22  2:39  Twilight Council  
  22  2:46  Probe  
  22  2:47  Gateway x2  
  22  2:50  Gateway  
  23  2:59  Pylon  
  23  3:24  Resonating Glaives (Chrono Boost)  
  23  3:42  Pylon  
  23  3:52  Adept x4  
  31  4:15  Adept x4  
  29  5:33  Stalker x4  
  31  5:39  Nexus, Blink (Chrono Boost)  
  31  5:43  Pylon  
  31  5:57  Pylon  
  31  6:07  Stalker  
  31  6:08  Stalker x3  
  39  6:44  Stalker x4  
  47  6:57  Probe x2  
  49  7:09  Probe x2  
  51  7:27  Probe x2  
  53  7:33  Sentry  
  55  7:39  Sentry x2, Probe x2  
  55  7:41  Sentry  
  63  7:47  Charge (Chrono Boost)  
  64  7:51  Probe x2  
  65  8:01  Forge  
  65  8:03  Probe x2  
  67  8:05  Pylon  
  67  8:15  Probe x2  
  69  8:27  Pylon  
  55  8:40  Stalker x3  
  55  8:41  Stalker  
  39  9:02  Assimilator  
  35  9:04  Stalker x2  
  35  9:05  Stalker x2  
  29  9:23  Probe (Chrono Boost)  
  31  9:24  Probe (Chrono Boost)  
  31  9:34  Probe x2 (Chrono Boost)  
  33  9:39  Probe x2 (Chrono Boost)  
  35  9:46  Stalker x2  
  35  9:47  Stalker x2  
  35  9:49  Probe  
  35  9:50  Probe  
  39  10:02  Probe x2  
  39  10:16  Stalker x4  
  47  10:45  Assimilator  
  47  10:49  Pylon  
  47  10:52  Stalker x2  
  47  10:53  Stalker x2  
  55  11:05  Gateway x2  
  55  11:08  Gateway  
  55  11:10  Gateway  
  55  11:32  Protoss Ground Weapons Level 1 (Chrono Boost)  
  55  11:40  Stalker x3  
  55  11:41  Stalker  
  50  12:15  Probe x2 (Chrono Boost)  
  52  12:27  Probe x2 (Chrono Boost)  
  54  12:34  Probe x2 (Chrono Boost)  
  56  12:41  Probe x2  
  58  12:52  Sentry x2  
  58  12:53  Sentry x2, Probe x2  
  68  13:18  Probe  
  68  13:19  Probe  
  70  13:31  Probe x2 (Chrono Boost)  
  72  13:38  Protoss Ground Armor Level 1 (Chrono Boost)  
  72  13:41  Probe (Chrono Boost)  
  73  13:46  Probe (Chrono Boost)  
  74  13:49  Stalker x2  
  74  13:50  Stalker x2  
  68  14:26  Stalker x2  
  68  14:27  Stalker x3  
  68  14:28  Stalker  
  44  14:54  Stalker  
  44  14:55  Stalker x3  
  42  15:19  Stalker x2  
  42  15:20  Stalker x2  
  42  16:05  Stalker  
  42  16:06  Stalker x3, Nexus  
  38  16:37  Stalker x2  
  38  16:38  Stalker x3  
  44  16:55  Sentry  
  44  16:56  Sentry x2  
  44  17:00  Sentry  
  52  17:20  Stalker x3  
  52  17:21  Stalker  
  60  17:38  Assimilator  
  60  17:40  Assimilator  
  60  17:51  Probe x3  
  63  17:59  Protoss Shields Level 1 (Chrono Boost)  
  63  18:03  Probe x3  
  58  18:13  Stalker x3  
  58  18:15  Probe x2  
  61  18:27  Probe  
  46  18:50  Stalker x4  
  46  18:51  Stalker  
  24  19:18  Stalker x3  
  24  19:19  Stalker  
Show
View Real Time Build Order
Export as new Build Order

Artac Zerg - Winner!

Build Orders: Pool First 

Get SALT Encoding   

  8  0:07  Drone  
  8  0:11  Drone  
  10  0:16  Drone  
  11  0:23  Drone  
  12  0:34  Overlord  
  12  0:40  Extractor  
  11  0:43  Drone  
  13  0:52  Drone  
  14  0:57  Drone  
  15  1:08  Spawning Pool  
  14  1:11  Drone  
  14  1:18  Drone  
  16  1:33  Drone  
  17  1:47  Drone  
  17  1:48  Drone  
  19  1:56  Hatchery  
  19  1:59  Drone  
  19  2:08  Extractor, Queen  
  18  2:15  Overlord  
  20  2:33  Drone x2  
  22  2:38  Roach Warren  
  22  2:39  Drone  
  22  2:47  Drone  
  22  2:50  Queen  
  25  3:00  Drone  
  26  3:10  Drone  
  26  3:11  Drone  
  26  3:12  Queen  
  30  3:21  Overlord  
  30  3:22  Drone  
  30  3:23  Drone  
  32  3:40  Drone x5  
  37  3:42  Extractor  
  36  3:52  Overlord  
  36  4:03  Spore Crawler  
  36  4:09  Lair  
  35  4:10  Drone  
  35  4:11  Drone x5  
  41  4:28  Drone  
  41  4:29  Drone x3  
  45  4:31  Extractor  
  45  4:34  Overlord x2  
  44  4:41  Roach x2  
  47  4:52  Roach x4  
  37  5:03  Roach x2  
  34  5:15  Roach x3  
  34  5:18  Drone  
  41  5:39  Queen  
  43  5:45  Glial Reconstitution  
  43  5:47  Drone x2  
  45  6:02  Drone x4  
  45  6:03  Drone  
  50  6:18  Drone  
  50  6:19  Drone x3  
  54  6:30  Roach x2  
  54  6:31  Roach  
  60  6:33  Drone  
  63  6:47  Roach  
  63  6:59  Metabolic Boost  
  63  7:04  Drone  
  63  7:05  Overlord  
  63  7:06  Overlord  
  63  7:08  Evolution Chamber  
  63  7:21  Overlord x2  
  63  7:36  Zergling x18  
  72  7:40  Zergling x6  
  75  7:45  Spore Crawler  
  75  7:50  Spore Crawler  
  71  7:55  Spore Crawler  
  71  7:57  Zergling x8  
  74  8:04  Zerg Melee Weapons Level 1  
  74  8:14  Overlord  
  74  8:15  Drone  
  74  8:16  Drone x5  
  63  8:44  Roach x9  
  76  8:56  Zergling x6  
  79  9:09  Roach x5  
  80  9:38  Roach x5  
  72  9:55  Roach x2  
  62  10:00  Drone x4  
  62  10:03  Zergling x2  
  53  10:19  Drone x5  
  48  10:44  Zergling x14  
  48  10:46  Zergling x6  
  48  10:49  Extractor  
  53  11:07  Hatchery  
  49  11:12  Drone x5  
  49  11:15  Queen  
  56  11:19  Roach x5  
  56  11:20  Roach  
  68  11:40  Spore Crawler  
  68  11:46  Zergling x20  
  69  12:23  Drone x11  
  69  12:24  Baneling Nest  
  79  12:31  Overlord x2  
  79  12:38  Extractor  
  79  12:43  Spore Crawler  
  77  12:46  Zergling x18  
  86  12:53  Zerg Melee Weapons Level 2  
  86  13:00  Zergling x2  
  86  13:01  Zergling x8  
  86  13:02  Queen  
  93  13:05  Overlord  
  93  13:18  Centrifugal Hooks  
  93  13:27  Zergling x16  
  93  13:30  Baneling x26  
  93  13:31  Baneling x3  
  93  13:33  Drone x2  
  103  13:37  Drone x3  
  106  13:55  Hatchery  
  93  14:16  Zergling x32  
  71  14:32  Roach  
  71  14:33  Roach x4  
  71  14:36  Baneling  
  71  14:37  Baneling x7  
  76  14:47  Zergling x2  
  76  14:48  Zergling x14  
  76  14:53  Zergling x4  
  73  15:02  Zergling x6  
  66  15:24  Zergling x16  
  66  15:25  Baneling x17  
  73  15:37  Zerg Ground Armor Level 1  
  73  15:40  Pneumatized Carapace, Infestation Pit  
  73  15:41  Overseer  
  67  15:54  Roach x6  
  67  15:55  Roach x2  
  83  16:04  Zergling x8  
  68  16:20  Zergling x8  
  68  16:21  Zergling x8  
  74  16:30  Roach x3  
  73  16:37  Roach x6  
  73  16:38  Roach  
  78  16:49  Roach x3  
  84  17:10  Drone x14  
  92  17:23  Zergling x10  
  97  17:32  Zergling x2  
  97  17:33  Zergling x8  
  97  17:35  Drone x5  
  97  17:36  Queen  
  109  17:55  Extractor x2  
  107  18:06  Hatchery  
  94  18:25  Roach  
  94  18:26  Roach x12  
  118  18:30  Overlord x4  
  108  18:43  Zergling x10  
  108  18:44  Zergling x8  
  115  18:53  Zergling x6  
  115  18:54  Zergling x6  
  117  19:09  Zergling x18  
  108  19:34  Roach x13  
  130  19:42  Roach x3  
Show
View Real Time Build Order
Export as new Build Order

darelo Protoss - Winner!

Build Orders: Carriers 

Get SALT Encoding   

  8  0:01  Probe (Chrono Boost)  
  9  0:14  Probe (Chrono Boost)  
  10  0:19  Probe (Chrono Boost)  
  12  0:28  Probe  
  12  0:34  Pylon  
  12  0:40  Probe  
  13  0:52  Probe  
  14  1:00  Gateway  
  14  1:07  Assimilator  
  14  1:09  Probe  
  15  1:22  Probe  
  16  1:34  Probe  
  17  1:46  Probe (Chrono Boost)  
  18  1:56  Probe (Chrono Boost)  
  18  2:01  Probe (Chrono Boost)  
  20  2:12  Probe  
  20  2:13  Nexus  
  21  2:16  Pylon  
  21  2:23  Assimilator  
  21  2:34  Probe (Chrono Boost)  
  21  2:35  Cybernetics Core  
  23  2:44  Probe (Chrono Boost)  
  23  2:49  Probe (Chrono Boost)  
  24  3:01  Probe  
  25  3:13  Stargate, Probe  
  25  3:19  Warp Gate  
  26  3:25  Probe (Chrono Boost)  
  28  3:31  Probe (Chrono Boost)  
  29  3:35  Probe (Chrono Boost)  
  29  3:39  Probe (Chrono Boost)  
  29  3:40  Probe (Chrono Boost)  
  29  3:41  Assimilator  
  30  3:44  Assimilator  
  31  3:48  Pylon  
  31  3:49  Probe  
  31  3:51  Probe  
  33  3:59  Void Ray  
  33  4:02  Probe  
  38  4:03  Probe  
  39  4:14  Probe  
  39  4:15  Probe  
  41  4:22  Fleet Beacon  
  41  4:26  Probe (Chrono Boost)  
  41  4:28  Stargate  
  41  4:30  Probe (Chrono Boost)  
  43  4:38  Probe (Chrono Boost)  
  44  4:40  Probe (Chrono Boost)  
  44  4:43  Probe (Chrono Boost)  
  44  4:45  Probe (Chrono Boost)  
  46  4:52  Probe  
  46  4:58  Void Ray (Chrono Boost)  
  50  5:07  Probe  
  48  5:20  Void Ray  
  33  5:35  Probe (Chrono Boost)  
  31  5:36  Probe (Chrono Boost)  
  31  5:47  Probe (Chrono Boost)  
  31  5:48  Probe (Chrono Boost)  
  33  5:54  Flux Vanes  
  33  5:55  Probe x2 (Chrono Boost)  
  35  6:01  Probe  
  35  6:02  Probe  
  37  6:13  Probe (Chrono Boost)  
  37  6:15  Probe (Chrono Boost)  
  40  6:26  Probe (Chrono Boost)  
  40  6:31  Probe (Chrono Boost)  
  40  6:32  Probe (Chrono Boost)  
  42  6:38  Probe  
  43  6:40  Probe  
  44  6:48  Void Ray  
  44  6:50  Probe  
  44  6:52  Probe  
  50  7:15  Pylon  
  50  7:16  Pylon  
  50  7:18  Pylon  
  50  7:27  Probe  
  50  7:29  Probe  
  50  7:32  Void Ray  
  49  7:39  Phoenix, Probe  
  49  7:41  Probe  
  54  7:51  Probe (Chrono Boost)  
  54  7:54  Probe (Chrono Boost)  
  55  8:02  Probe (Chrono Boost)  
  55  8:03  Probe (Chrono Boost)  
  55  8:04  Phoenix  
  59  8:07  Probe (Chrono Boost)  
  59  8:08  Probe (Chrono Boost)  
  61  8:15  Phoenix  
  61  8:17  Probe  
  61  8:19  Probe  
  65  8:29  Phoenix, Probe  
  64  8:40  Void Ray  
  54  8:54  Void Ray  
  54  9:05  Probe  
  54  9:06  Probe  
  56  9:17  Probe  
  56  9:18  Probe  
  56  9:23  Void Ray  
  62  9:30  Probe x2  
  64  9:37  Phoenix  
  66  9:42  Probe  
  61  10:02  Phoenix  
  61  10:06  Phoenix  
  65  10:27  Phoenix  
  67  10:30  Nexus  
  67  10:31  Phoenix  
  67  10:33  Pylon  
  67  10:34  Gateway  
  65  10:36  Pylon, Gateway  
  65  10:37  Assimilator, Gateway  
  65  10:39  Assimilator, Gateway  
  65  10:41  Gateway  
  61  10:51  Probe  
  61  10:52  Phoenix  
  61  10:56  Phoenix  
  66  11:03  Probe  
  67  11:15  Probe  
  67  11:17  Phoenix  
  70  11:21  Twilight Council  
  70  11:27  Probe  
  71  11:33  Zealot  
  71  11:35  Zealot  
  71  11:36  Zealot x4  
  83  11:42  Probe (Chrono Boost)  
  83  11:43  Probe (Chrono Boost)  
  86  11:48  Probe (Chrono Boost)  
  86  11:51  Carrier x2  
  86  11:53  Probe (Chrono Boost)  
  99  11:57  Probe (Chrono Boost)  
  99  11:58  Probe (Chrono Boost)  
  99  11:59  Anion Pulse-Crystals (Chrono Boost)  
  101  12:04  Twilight Council  
  101  12:05  Probe  
  101  12:07  Probe  
  103  12:19  Charge (Chrono Boost)  
  103  12:20  Pylon  
  103  12:21  Pylon  
  103  12:24  Pylon  
  103  12:26  Pylon  
  103  12:38  Probe x2  
  103  12:40  Nexus  
  103  12:43  Pylon  
  105  12:44  Zealot  
  105  12:45  Zealot x3  
  105  12:46  Pylon  
  105  12:50  Pylon  
  113  12:51  Protoss Air Weapons Level 1 (Chrono Boost)  
  113  12:55  Carrier  
  119  13:03  Zealot  
  121  13:06  Zealot x2, Blink (Chrono Boost)  
  121  13:07  Zealot x2  
  129  13:16  Probe (Chrono Boost)  
  131  13:21  Probe (Chrono Boost)  
  131  13:26  Probe (Chrono Boost)  
  132  13:29  Robotics Facility  
  132  13:30  Probe (Chrono Boost)  
  132  13:32  Zealot x4  
  141  13:40  Phoenix  
  143  13:47  Zealot x2  
  147  13:55  Pylon  
  147  13:57  Pylon  
  147  13:59  Phoenix  
  147  14:00  Zealot x4  
  157  14:17  Zealot  
  157  14:18  Zealot  
  119  14:53  Protoss Air Armor Level 1 (Chrono Boost)  
  119  14:55  Void Ray x2  
  111  15:00  Zealot x2  
  97  15:38  Void Ray x2  
  85  15:51  Zealot x2  
  85  15:52  Zealot x4  
  97  15:59  Gateway  
  97  16:01  Gateway  
  97  16:02  Gateway  
  79  16:21  Void Ray x2, Zealot x6  
  93  16:45  Stalker x6  
  93  16:46  Assimilator  
  105  16:58  Protoss Air Weapons Level 2 (Chrono Boost)  
  105  17:03  Zealot x3  
  105  17:04  Void Ray (Chrono Boost)  
  119  17:09  Void Ray (Chrono Boost)  
  119  17:15  Assimilator  
  119  17:41  Zealot x3  
  119  17:43  Nexus  
  119  17:44  Carrier (Chrono Boost), Pylon  
  131  17:45  Pylon  
  131  17:46  Pylon x2  
  131  17:48  Assimilator  
  131  17:49  Carrier (Chrono Boost)  
  131  17:50  Assimilator  
  137  18:00  Templar Archives  
  137  18:09  Stalker  
  137  18:10  Stalker x4  
  147  18:16  Forge  
  147  18:20  Zealot x4, Forge  
  133  18:41  Carrier  
  137  18:51  Carrier  
  137  18:53  Zealot x9  
  161  19:17  Zealot x6  
  161  19:18  Zealot x3  
Tags
 
Add a new tag
Caveats
  • Supply blocks, unpowered buildings, or Contaminate may cause inaccurate times.
  • Supply counts are checked every 10 seconds.